 Dungeon Crawl Stone Soup version 0.31-a0-1-g4198be8af4 (webtiles) character file.

Game seed: 179819559294904041

93 RascalDebosk the Magician (level 4, -2/34 HPs)
             Began as a Djinni Hedge Wizard on May 2, 2023.
             Slain by a worm (10 damage)
             ... on level 3 of the Dungeon.
             The game lasted 00:25:56 (2467 turns).

RascalDebosk the Magician (Djinni Hedge Wizard)     Turns: 2467, Time: 00:25:56

Health: -2/34      AC:  2    Str:  9    XL:     4   Next: 92%
Gold:   103        EV: 12    Int: 17    God:
                   SH:  0    Dex: 13

rFire   + + .        h - +0 falchion
rCold   x . .        (no shield)
rNeg    . . .        b - +0 robe
rPois   ∞            c - +0 hat
rElec   .            (no cloak)
rCorr   .            (no gloves)
SInv    .            (boots unavailable)
Will    .....        (no amulet)
Stlth   ++           (no ring)
HPRegen 0.25/turn    (no ring)
MPRegen 0.00/turn

%: infuse magic (-3 HP)
@: flying
A: sickness immunity, fire resistance 2, cold vulnerability 1, float, innate
caster, HP casting, extra vitality 1
a: no special abilities


You were on level 3 of the Dungeon.
You visited 1 branch of the dungeon, and saw 3 of its levels.

You collected 103 gold pieces.

Inventory:

Hand Weapons
 h - a +0 falchion (weapon)
 s - a +0 dagger
Armour
 b - a +0 robe (worn)
 c - a +0 hat (worn)
Scrolls
 l - a scroll of identify {unknown}
 m - a scroll of enchant weapon {unknown}
 n - a scroll of teleportation {unknown}
 o - a scroll of torment {unknown}
Potions
 a - 2 potions of haste {unknown}
 d - 2 potions of invisibility {unknown}
 e - a potion of ambrosia {unknown}
 f - 2 potions of heal wounds {unknown}
 g - a potion of cancellation {unknown}
 i - a potion of attraction {unknown}
 j - a potion of brilliance {unknown}
 k - a potion of mutation {unknown}


   Skills:
 * Level 2.4 Fighting
 + Level 1.5 Armour
 - Level 2.1 Dodging
 - Level 1.5 Stealth
 * Level 3.1 Spellcasting


You knew the following spells:

 Your Spells              Type           Power      Damage    Failure   Level
a - Magic Dart            Conj           52%        1d5       4%          1
b - Slow                  Hex            52%        N/A       4%          1
c - Blink                 Tloc           26%        N/A       7%          2
d - Call Imp              Summ           26%        N/A       7%          2
e - Mephitic Cloud        Conj/Pois/Air  13%        N/A       14%         3
f - Sandblast             Erth           26%        2d8       4%          1
Your spell library was empty.

Dungeon Overview and Level Annotations

Branches:
Dungeon (3/15)

Altars:


Innate Abilities, Weirdness & Mutations

You are immune to sickness and miasma.
You are immune to poison.
Your flesh is very heat resistant. (rF++)
You are vulnerable to cold. (rC-)
You float through the air rather than walking.
You learn spells naturally, not from books.
Your magical power is your life essence.
You have superior vitality. (+4 MHP)


Message History

Your cerulean imp hits the bat from afar with a -3 spear.
Your cerulean imp barely misses the bat.
The bat completely misses your cerulean imp.
The bat closely misses your cerulean imp.
Your cerulean imp hits the bat but does no damage.
Your cerulean imp hits the bat with a -3 spear.
The bat dies!
You swap places.
You see here a bat corpse.
You reach down and open the door.
As you open the door, it creaks loudly!
Found 11 gold pieces.
There is an open door here.
Your cerulean imp disappears in a puff of smoke!
You see here a bat corpse.
A bat comes into view.
The bat completely misses you.
You see here 11 gold pieces.
You closely miss the bat. The bat closely misses you.
The bat barely misses you. The bat hits you.
You miss the bat. The bat hits you but does no damage.
You hit the bat but do no damage. The bat hits you. The bat closely misses you.
You see here 11 gold pieces.
The bat hits you but does no damage. The bat barely misses you.
You closely miss the bat. The bat barely misses you. x2
You closely miss the bat. The bat hits you. The bat completely misses you.
The bat barely misses you. The bat misses you.
You see here 11 gold pieces.
The bat closely misses you. The bat misses you.
You barely miss the bat. The bat hits you. The bat barely misses you.
The bat closely misses you.
You see here 11 gold pieces.
You miss the bat. The bat misses you. The bat barely misses you.
The bat closely misses you.
You closely miss the bat. The bat barely misses you. x2
You closely miss the bat. The bat barely misses you.
The bat hits you but does no damage.
You hit the bat.
The bat is heavily wounded.
The bat barely misses you.
You miss the bat.
The bat is heavily wounded.
The bat hits you but does no damage. The bat barely misses you.
The bat closely misses you.
You barely miss the bat. Your punch misses the bat.
The bat is heavily wounded.
The bat barely misses you. The bat hits you but does no damage.
The bat closely misses you.
You hit the bat.
The bat is severely wounded.
The bat closely misses you. The bat barely misses you. The bat hits you.
The bat barely misses you.
You see here 11 gold pieces.
You hit the bat.
You kill the bat!
You now have 103 gold pieces (gained 11).
o - a scroll labelled OKLIUN NAUR You reach down and open the door.
A hobgoblin and a goblin come into view.
The goblin shouts!
You barely miss the goblin. The goblin hits you with a +0 club.
You hit the hobgoblin.
The hobgoblin is heavily wounded.
The hobgoblin hits you but does no damage.
The goblin completely misses you.
A worm comes into view.
You barely miss the goblin. The hobgoblin closely misses you.
The goblin barely misses you.
You barely miss the goblin. The hobgoblin hits you.
The goblin hits you with a +0 club. x2; The hobgoblin closely misses you.
You hit the goblin.
You kill the goblin!
The hobgoblin hits you.
You closely miss the hobgoblin.
The hobgoblin is heavily wounded.
The hobgoblin misses you.
You hit the hobgoblin.
The hobgoblin is severely wounded.
The hobgoblin hits you. x2; The worm bites you.
You hit the hobgoblin but do no damage.
The hobgoblin is severely wounded.
The hobgoblin completely misses you.
You hit the hobgoblin.
You kill the hobgoblin!
The worm bites you!
* * * LOW HITPOINT WARNING * * *
Casting: Call Imp (safe; 7% risk of failure)
Confirm with . or Enter, or press ? or * to list all spells.
Aiming: Sandblast (safe; 4% risk of failure)
Press: ? - help, Shift-Dir - straight line, f - worm
Aim: a worm (94% to hit)
The blast of sand hits the worm!
The worm is severely wounded.
* * * LOW HITPOINT WARNING * * *
The worm bites you!
You die...

# #.# # #.# #
..# # #.# #
#.# # #.# #.#
# #
###.##+#w#
..### #
......)@.#
....##### ##
###.##'#.#
.......# #.
+.+..#.#
#..#.# #. #.#
#.#..#.#
#....###.
#.#+##.####.#
#........
#...........#
#.##.....
#.#+##.####.#
#.######.
#.#..'†'..#.#
#....# #.
#.#..#.#..#.#
####.# #.


You could see a worm.

Vanquished Creatures
  3 adders (D:2)
  A worm (D:2)
  A dart slug (D:1)
  5 orcs
  5 endoplasms
  A giant cockroach (D:3)
  5 goblins
  5 hobgoblins
  4 jackals
  A quokka (D:2)
  3 ball pythons
  5 bats
  2 frilled lizards
  4 kobolds
  6 rats
51 creatures vanquished.

Vanquished Creatures (collateral kills)
  A bat (D:3)
  A goblin (D:3)
2 creatures vanquished.

Vanquished Creatures (others)
  11 plants (D:2)
11 creatures vanquished.

Grand Total: 64 creatures vanquished

Notes
Turn   | Place    | Note
-------+----------+-------------------------------------------
     0 | D:1      | RascalDebosk the Djinni Hedge Wizard began the quest for
                  | the Orb.
     0 | D:1      | RascalDebosk set off with the following spells memorised:
                  | Magic Dart, Slow, Blink, Call Imp, Mephitic Cloud.
     0 | D:1      | Reached XP level 1. HP: 15/15 MP: 0/0
     0 | D:1      | Noticed an ogre
     3 | D:1      | Noticed a vine stalker
     3 | D:1      | Noticed a naga
     5 | D:1      | Noticed a tengu
     6 | D:1      | Noticed a naga
     8 | D:1      | Noticed a barachi
     9 | D:1      | Noticed a felid
    13 | D:1      | Noticed a formicid
    15 | D:1      | Noticed a draconian
    15 | D:1      | Noticed a dwarf
    17 | D:1      | Noticed a vampire
    19 | D:1      | Noticed an ogre
    19 | D:1      | Noticed a dwarf
    21 | D:1      | Noticed a barachi
   166 | D:1      | Reached XP level 2. HP: 12/22 MP: 0/0
   244 | D:1      | Reached skill level 1 in Fighting
   660 | D:1      | Reached XP level 3. HP: 26/27 MP: 0/0
   660 | D:1      | Learned a level 1 spell: Sandblast
  1015 | D:2      | Reached skill level 1 in Armour
  1310 | D:2      | Reached XP level 4. HP: 19/33 MP: 0/0
  1312 | D:2      | Reached skill level 3 in Spellcasting
  1421 | D:2      | Found a faded altar of an unknown god.
  2467 | D:3      | Slain by a worm

Illustrated notes

Levels and vault maps discovered:
D:1:      shiori_arrival_whats_in_store_for_you, layout_loops_ring,
          nicolae_titane
D:2:      layout_loops_corners, basic_ecumenical_altar, serial_bayou,
          serial_bayou_pond_c, serial_bayou_crossing, serial_bayou_shore_a,
          serial_bayou_lake_a, minmay_indecisive_spiral
D:3:      minmay_door_path, layout_basic, serial_shops, shop

Skill      XL: |  1  2  3  4 |
---------------+-------------+-----
Fighting       | 1 2 |  2.4
Armour         | 1 |  1.5
Spellcasting   | 3 |  3.1
Dodging        | |  2.1
Stealth        | |  1.5

Action                     |  1- 3 |  4- 6 || total
---------------------------+-------+-------++-------
  Melee: Falchion          |    13 |    43 ||    56
   Cast: Magic Dart        |    69 |    23 ||    92
         Slow              |    10 |       ||    10
         Sandblast         |    14 |     4 ||    18
         Mephitic Cloud    |       |     6 ||     6
         Call Imp          |       |     1 ||     1
 Armour: Robe              |     3 |     9 ||    12
  Dodge: Dodged            |    18 |    50 ||    68

Table legend: (Time is in decaauts)
 A = Elapsed time spent in this place.
 B = Non-inter-level travel time spent in this place.
 C = Inter-level travel time spent in this place.
 D = Time resting spent in this place.
 E = Time spent auto-exploring this place.
 F = Levels seen in this place.
 G = Mean time per level.
                   A        B        C        D        E       F      G
               +--------+--------+--------+--------+--------+-----+--------+
         Total |   2493 |   2473 |     20 |    281 |   1712 |   3 |  831.0 |
       Dungeon |   2493 |   2473 |     20 |    281 |   1712 |   3 |  831.0 |
               +--------+--------+--------+--------+--------+-----+--------+

Top non-repeatable levels by time:
     D:2: 1312 daAuts
     D:1: 885 daAuts
     D:3: 295 daAuts
